AoeStats
← _The_Lion

Arabia

509983040Analyzed
1v1 RM · 5d ago on Sep 28, 2026· 68m 49s· 2 players
Game mode
Random Map
Map size
Tiny (2 player)
Population
200
Speed
Normal
Resources
Standard
Victory
Conquest
Starting age
Dark Age
Ending age
Imperial Age
RankedLock teamsTeams togetherTeam positionsShared explorationLock speedFull tech treeHidden civsTurbo modeCheats
Victory
Defeat
🇮🇹 Byzantines · Italy
1709
+16
🇨🇦 Burmese · Canada
1702
-16
_The_Lion
6:24 Loom
8:53 Feudal Age
8:54 Man-at-Arms
13:50 Fletching
16:37 Horse Collar
20:50 Castle Age
21:36 Bloodlines
21:37 Scale Barding Armor
22:54 Chain Barding Armor
25:59 Husbandry
32:26 Heavy Plow
35:56 Wheelbarrow
35:13 Town Watch
38:47 Imperial Age
37:54 Light Cavalry
38:47 Forging
38:53 Cavalier
40:13 Plate Barding Armor
40:13 Iron Casting
43:31 Blast Furnace
42:45 Pikeman
43:25 Squires
43:27 Halberdier
45:38 Scale Mail Armor
46:09 Conscription
46:29 Hussar
46:49 Long Swordsman
47:14 Gambesons
48:50 Masonry
50:48 Bodkin Arrow
52:31 Ballistics
53:12 Chemistry
52:15 Town Patrol
58:22 Crop Rotation
57:25 Two-Handed Swordsman
58:35 Chain Mail Armor
60:00 Plate Mail Armor
Vitals
9:23 Feudal Age
10:04 Loom
11:28 Double-Bit Axe
11:59 Horse Collar
14:29 Wheelbarrow
13:54 Fletching
15:32 Padded Archer Armor
18:25 Gold Mining
21:21 Castle Age
21:27 Crossbowman
22:02 Bodkin Arrow
23:02 Bow Saw
27:54 Hand Cart
35:52 Imperial Age
34:01 Forging
35:18 Ballistics
35:18 Thumb Ring
35:56 Arbalester
36:37 Bracer
38:28 Conscription
39:41 Scale Barding Armor
40:12 Iron Casting
39:00 Heavy Camel Rider
39:40 Husbandry
41:55 Chemistry
42:07 Chain Barding Armor
42:35 Gold Shaft Mining
41:50 Stone Mining
44:00 Plate Barding Armor
44:35 Hoardings
45:56 Leather Archer Armor
46:16 Heavy Plow
47:09 Light Cavalry
48:25 Hussar
49:17 Elite Skirmisher
50:29 Ring Archer Armor
54:48 Two-Man Saw
56:56 Elite Cataphract
57:48 Logistica
57:47 Treadmill Crane
59:05 Guilds
Connection lost

Rejoining the realm…

Still unreachable

The connection could not be restored.

Session expired

The server has moved on; the page needs a fresh start.